 Dungeon Crawl Stone Soup version 0.25.0-46-gbd7b0854d2 (webtiles) character file.

Game seed: 6706197071746912977

30 funkygono the Shield-Bearer (level 3, 0/33 HPs)
             Began as a Minotaur Fighter on July 16, 2020.
             Killed by nerve-wracking pain
             ... invoked by Grinder
              (8 damage)
             ... on level 3 of the Dungeon.
             The game lasted 00:01:59 (701 turns).

funkygono the Shield-Bearer (Minotaur Fighter)       Turns: 701, Time: 00:02:00

Health: 0/33       AC: 14    Str: 21    XL:     3   Next: 5%
Magic:  2/2        EV:  4    Int:  5    God:
Gold:   62         SH:  9    Dex:  9    Spells: 2/2 levels left

rFire    . . .     SeeInvis .   a - +0 flail
rCold    . . .     Gourm    .   c - +0 kite shield
rNeg     . . .     Faith    .   h - +0 plate armour
rPois    .         Spirit   .   (helmet restricted)
rElec    .         Reflect  .   e - +1 cloak
rCorr    .         Harm     .   (no gloves)
MR       .....                  (no boots)
Stlth    ..........             (no amulet)
HPRegen  0.11/turn              (no ring)
MPRegen  0.08/turn              (no ring)

@: no status effects
A: retaliatory headbutt, horns 2
a: no special abilities


You were on level 3 of the Dungeon.
You were not hungry.

You visited 1 branch of the dungeon, and saw 3 of its levels.

You collected 62 gold pieces.

Inventory:

Hand Weapons
 a - a +0 flail (weapon)
Missiles
 i - 42 arrows
 j - 89 stones (quivered)
Armour
 c - a +0 kite shield (worn)
 e - a +1 cloak (worn)
 h - a +0 plate armour (worn)
Jewellery
 m - an uncursed ring of ice {unknown}
Scrolls
 b - a scroll of teleportation
 k - 2 scrolls of identify {unknown}
 n - a scroll of fog {unknown}
 o - a scroll of remove curse {unknown}
Potions
 d - 2 potions of might
 l - a potion of invisibility {unknown}
Comestibles
 f - 3 rations
 g - 4 chunks of flesh


   Skills:
 + Level 4.0 Fighting
 + Level 2.8 Maces & Flails
 + Level 4.1 Armour
 + Level 0.2 Dodging
 + Level 4.2 Shields


You had 2 spell levels left.
You didn't know any spells.
Your spell library was empty.

Dungeon Overview and Level Annotations

Branches:
Dungeon (2/15)

Altars:

Annotations:
D:3 Grinder


Innate Abilities, Weirdness & Mutations

You reflexively headbutt those who attack you in melee.
You have a pair of horns on your head.


Message History

The bullfrog is moderately wounded.
You block the bullfrog's attack. Grinder hits you but does no damage.
The bullfrog hits you but does no damage.
You closely miss Grinder. Your headbutt misses Grinder.
You block the bullfrog's attack. Grinder hits you but does no damage.
The bullfrog hits you but does no damage.
Grinder gestures at you.
You barely resist.
Your shield and plate armour prevent you from hitting Grinder.
You headbutt Grinder!
Grinder is moderately wounded.
The bullfrog completely misses you. The bullfrog barely misses you.
Grinder gestures at you. Pain shoots through your body!
* * * LOW HITPOINT WARNING * * *
The bullfrog hits you but does no damage.
You block the bullfrog's attack. Grinder gestures at you.
Pain shoots through your body!
You die...

#......... .##
##......... ....
..........
....###.........
................ ....
................ ....
........F5......
#...........$...##...
#..)..#...###@..#
##....#...# #...#
......#...# #...#
..........# #...#
..........# #...#
..........+ +...+
..........###...#...
.....................
..................)..


You could see Grinder and a bullfrog.

Vanquished Creatures
  A leopard gecko (D:2)
  5 bats (D:1)
  A giant cockroach (D:2)
  6 goblins
  4 hobgoblins
  6 frilled lizards
  2 kobolds (D:1)
  4 rats
29 creatures vanquished.

Notes
Turn   | Place    | Note
-------+----------+-------------------------------------------
     0 | D:1      | funkygono the Minotaur Fighter began the quest for the Orb.
     0 | D:1      | Reached XP level 1. HP: 19/19 MP: 0/0
   107 | D:1      | Reached XP level 2. HP: 26/27 MP: 1/1
   219 | D:1      | You fall into a shaft and drop 1 floor!
   579 | D:2      | Reached XP level 3. HP: 33/33 MP: 2/2
   621 | D:2      | Found a faded altar of an unknown god.
   673 | D:2      | You fall into a shaft and drop 1 floor!
   686 | D:3      | Noticed a bullfrog
   689 | D:3      | Noticed Grinder
   701 | D:3      | Killed from afar by Grinder

Illustrated notes

Levels and vault maps discovered:
D:1:      minmay_arrival_stair_chambers, layout_rooms
D:2:      layout_rooms, first_ration, chequers_ecumenical_altar_simple
D:3:      layout_basic, uniq_natasha, uniq_ijyb, uniq_grinder

Skill      XL: |  1  2 |
---------------+-------+-----
Shields        | 4 |  4.2
Armour         | 4 |  4.1
Fighting       | 4 |  4.0
Maces & Flails | |  2.8
Dodging        | |  0.2

Action                   || total
-------------------------++-------
Melee: Flail             ||    70
       Headbutt          ||    15
  Use: Scroll            ||     2
Armor: Scale mail        ||    12
       Plate armour      ||    59
Dodge: Dodged            ||    17
Block: Kite shield       ||    57
